 Dungeon Crawl Stone Soup version 0.20.1-1-g8b1a95d (webtiles) character file.

26 Monsterracer the Grasshopper (level 2, 0/25 HPs)
             Began as a Draconian Warper on Aug 9, 2017.
             Slain by an adder (3 damage)
             ... on level 3 of the Dungeon.
             The game lasted 00:01:38 (684 turns).

Monsterracer the Grasshopper (Draconian Warper)      Turns: 684, Time: 00:01:39

Health: 0/25       AC:  4    Str: 13    XL:     2   Next: 89%
Magic:  5/5        EV: 12    Int: 13    God:
Gold:   5          SH:  0    Dex: 10    Spells: 1/5 levels left

rFire    . . .     SeeInvis .   a - +0 hand axe
rCold    . . .     Gourm    .   (no shield)
rNeg     . . .     Faith    .   (armour unavailable)
rPois    .         Spirit   .   (helmet restricted)
rElec    .         Reflect  .   (no cloak)
rCorr    .         Harm     .   (no gloves)
MR       .....                  (no boots)
Stlth    +.........             (no amulet)
Regen    0.1/turn               (no ring)
MPRegen  0.1/turn               (no ring)

@: lethally poisoned (0 -> -2)
A: unfitting armour, cold-blooded, AC +4
a: no special abilities


You were on level 3 of the Dungeon.
You were not hungry.

You visited 1 branch of the dungeon, and saw 3 of its levels.

You collected 5 gold pieces.

Inventory:

Hand Weapons
 a - a +0 hand axe (weapon)
Missiles
 d - 5 tomahawks of dispersal (quivered)
Scrolls
 c - a scroll of blinking
 e - a scroll of recharging {unknown}
Potions
 h - a potion of haste {unknown}
Books
 b - a book of Spatial Translocations

   Spells                             Type                      Level
   a - Blink                          Translocation                2
   b - Shroud of Golubria             Charms/Translocation         2
   c - Lesser Beckoning               Translocation                3
   d - Gell's Gravitas                Translocation                3
   e - Teleport Other                 Translocation                3
   f - Passage of Golubria            Translocation                4
Comestibles
 f - a bread ration
 g - 4 fruits


   Skills:
 * Level 2.6 Fighting
 * Level 3.0 Axes
 - Level 0.8 Throwing
 + Level 2.3 Dodging
 - Level 2.0 Spellcasting
 - Level 3.0 Translocations


You had one spell level left.
You knew the following spells:

 Your Spells              Type           Power        Failure   Level  Hunger
a - Blink                 Tloc           N/A          11%         2    ###....
b - Shroud of Golubria    Chrm/Tloc      #.........   21%         2    ###....


Dungeon Overview and Level Annotations

Branches:
Dungeon (3/15)

Altars:

Annotations:
D:2 Sigmund


Innate Abilities, Weirdness & Mutations

Your plain brown scales are hard. (AC +4)
You cannot fit into any form of body armour.
You are cold-blooded and may be slowed by cold attacks.


Message History

The adder bites you but does no damage. The adder closely misses you.
You hit the adder but do no damage.
The adder is severely wounded.
The adder completely misses you.
You hit the adder but do no damage.
You tail-slap the adder, but do no damage.
The adder is severely wounded.
You feel sick. The adder bites you.
* * * LOW HITPOINT WARNING * * *
The adder bites you but does no damage.
Huge Dmg: -8%(-2hp) hp: 16%(4hp)
You closely miss the adder.
The adder is severely wounded.
The adder bites you.
* * * LOW HITPOINT WARNING * * *
Huge Dmg: -4%(-1hp) hp: 12%(3hp)
You barely miss the adder. You tail-slap the adder.
The adder is almost dead.
The adder bites you.
You die...

##.#.#### #..# ##..
# #.## ##.#
###.##.##.##.###
..........##...
##.###.#####.#####
#...........# #
#######.##..#.#####
#.###@.......
#....S..#####
#####.### ... ...
#...# #...# #...#


You could see an adder.

Vanquished Creatures
  2 adders
  A giant cockroach (D:1)
  2 goblins (D:1)
  A hobgoblin (D:1)
  3 bats (D:2)
9 creatures vanquished.

Notes
Turn   | Place    | Note
-------+----------+-------------------------------------------
     0 | D:1      | Monsterracer the Draconian Warper began the quest for the Orb.
     0 | D:1      | Reached XP level 1. HP: 17/17 MP: 3/3
   272 | D:1      | You fall through a shaft!
   285 | D:2      | HP: 8/17 [adder (3)]
   290 | D:2      | Reached XP level 2. HP: 9/25 MP: 5/5
   296 | D:2      | Learned a level 2 spell: Blink
   299 | D:2      | Learned a level 2 spell: Shroud of Golubria
   489 | D:2      | Noticed Sigmund
   492 | D:2      | HP: 11/25 [Sigmund/magic dart (4)]
   674 | D:3      | HP: 11/25 [adder (3)]
   679 | D:3      | HP: 6/25 [poisoned by an adder]
   684 | D:3      | Slain by an adder

Skill      XL: |  1  2 |
---------------+-------+-----
Axes           | 3 |  3.0
Fighting       | |  2.6
Throwing       | |  0.8
Dodging        | |  2.3
Spellcasting   | |  2.0
Translocations | |  3.0

Action                   || total
-------------------------++-------
Melee: Hand axe          ||    46
       Tailslap          ||     7
 Cast: Blink             ||     1
Armor: Skin              ||    17
Dodge: Dodged            ||    48
